Bruins vs Senators

Created - 8 novembre 2020 at 20:43

Goals
1 2 3 T
Bruins 3 0 1 4
Senators 1 1 1 3
Shots
1 2 3 T
Bruins 19 12 6 37
Senators 14 13 12 39

1st period

1. Bruins , Carl Hagelin 1 (Michael Frolik 1, Brett Pesce 2) at 7:49
2. Bruins , Alex Iafallo 5 (Tyler Bertuzzi 4, Jayson Megna 2) at 8:43
3. Bruins , Vladimir Sobotka 1 (Michael Frolik 2, Brett Pesce 3) at 13:51
4. Senators , Connor Brown 2 (Mark Stone 2, Robert Hagg 1) at 19:50

Penalties :
Robert Hagg (OTT) for Roughing (Minor) at 16:51

2nd period

5. Senators , Mark Stone 1 (Alex Goligoski 2) at 15:14

Penalties :
Vladimir Tarasenko (OTT) for Hooking (Minor) at 5:05, Jani Hakanpaa (OTT) for Holding (Minor) at 10:26

3rd period

6. Senators , Paul Byron 2 (Alexander Wennberg 2, Justin Falk 1) at 14:10
7. Bruins , Radek Faksa 4 (Tanner Fritz 2, Antoine Roussel 1) at 19:42

Penalties :
Mike Green (OTT) for Tripping (Minor) at 3:33, Alex Iafallo (BOS) for Roughing (Minor) at 8:47, Michael Stone (BOS) for Hooking (Minor) at 12:02

Goalie Stats

Michael Hutchinson (BOS), 36 saves from 39 shots - (0,923), W, 1-2-0, 60:00 minutes
Anton Khudobin (OTT), 28 saves from 31 shots - (0,903), 39:09 minutes
Petr Mrazek (OTT), 5 saves from 6 shots - (0,833), L, 0-1-0, 20:51 minutes

Players Stats for Bruins

Player Name              G  A  P  +/- PIM S  H  SB GA TA FO     MP     PP MP  PK MP  
------------------------------------------------------------------------------------
Adam Henrique            0  0  0  -1  0   5  0  0  0  0  14/23  15:07   4:05   2:35 
Alex Iafallo             1  0  1  -1  2   2  0  0  0  0  0/3    18:54   0:54   0:17 
Antoine Roussel          0  1  1   1  0   3  2  0  0  0  0/0    20:13   3:11   1:09 
Brady Skjei              0  0  0   1  0   0  0  0  0  0  0/0     6:37   0:00   1:03 
Brendan Lemieux          0  0  0  -1  0   0  1  0  0  0  0/0     9:14   0:00   0:47 
Brett Pesce              0  2  2   2  0   1  0  5  0  0  0/0    18:35   0:00   1:24 
Brian Dumoulin           0  0  0   1  0   3  3  2  0  0  0/0    17:48   4:06   1:48 
Carl Hagelin             1  0  1   1  0   2  0  0  0  0  0/1    19:24   4:05   0:50 
Jayson Megna             0  1  1  -1  0   1  2  1  0  0  12/29  22:06   3:51   0:31 
Jonathon Merrill         0  0  0   1  0   0  2  2  0  0  0/0    14:39   0:13   0:13 
Jordan Oesterle          0  0  0  -2  0   1  1  4  0  0  0/0    22:02   3:50   1:47 
Markus Nutivaara         0  0  0   1  0   0  0  1  0  0  0/0    19:47   3:53   1:41 
Michael Frolik           0  2  2   2  0   2  2  0  0  0  0/0     5:45   0:00   0:00 
Michael Stone            0  0  0  -2  2   0  2  1  0  0  0/0    20:31   3:50   0:00 
Radek Faksa              1  0  1   1  0   6  1  0  0  0  6/19   16:10   0:00   0:00 
Tanner Fritz             0  1  1   1  0   2  2  2  0  0  0/3    19:44   3:51   0:00 
Tyler Bertuzzi           0  1  1  -1  0   8  2  0  0  0  2/3    21:52   3:51   0:00 
Vladimir Sobotka         1  0  1   2  0   1  0  0  0  0  7/9     7:32   0:00   1:47 

Players Stats for Senators

Player Name              G  A  P  +/- PIM S  H  SB GA TA FO     MP     PP MP  PK MP  
------------------------------------------------------------------------------------
Alex Goligoski           0  1  1   0  0   2  2  3  0  0  0/0    23:25   2:15   4:29 
Alexander Wennberg       0  1  1   0  0   2  0  0  0  0  8/15   11:21   0:00   0:00 
Chris Wagner             0  0  0   0  0   1  1  1  0  0  1/1     8:17   0:00   2:32 
Connor Brown             1  0  1   1  0   9  3  0  0  0  1/3    17:39   1:54   0:00 
Derek Ryan               0  0  0   0  0   1  0  0  0  0  7/12   10:43   0:00   4:58 
Eric Staal               0  0  0   1  0   2  1  0  0  0  17/27  19:03   2:04   0:57 
Filip Chytil             0  0  0   0  0   2  0  0  0  0  0/0    11:38   0:00   0:17 
Jakob Chychrun           0  0  0   1  0   0  1  0  0  0  0/0    21:03   0:00   4:13 
Jani Hakanpaa            0  0  0   0  2   0  1  1  0  0  0/0    16:42   2:15   0:24 
Justin Falk              0  1  1  -1  0   1  3  0  0  0  0/0    18:40   0:00   1:19 
Mark Stone               1  1  2   1  0   1  0  0  0  0  1/1    17:56   1:54   0:00 
Mike Green               0  0  0  -2  2   2  1  7  0  0  0/0    21:45   1:43   2:51 
Paul Byron               1  0  1   0  0   4  1  0  0  0  0/0    15:57   0:00   4:36 
Robert Hagg              0  1  1   0  2   0  0  1  0  0  0/0    18:22   1:43   2:36 
Valtteri Filppula        0  0  0   0  0   0  0  0  0  0  3/7     8:17   0:00   2:32 
Vladimir Tarasenko       0  0  0  -2  2   4  1  0  0  0  1/5    17:18   2:04   0:00 
Vladislav Namestnikov    0  0  0  -2  0   3  3  0  0  0  0/0    17:02   2:04   0:00 
William Karlsson         0  0  0  -2  0   5  0  0  0  0  10/19  16:52   1:54   0:00 

3 Stars

1 - Michael Frolik (BOS)
2 - Brett Pesce (BOS)
3 - Mark Stone (OTT)

Power Play

Bruins - 0 on 4 Attempt(s) - 0,00%
Senators - 0 on 2 Attempt(s) - 0,00%

Penalty Kill

Bruins - 2 on 2 Attempt(s) - 100,00% - Score 0 goal in Penalty Kill
Senators - 4 on 4 Attempt(s) - 100,00% - Score 0 goal in Penalty Kill

Team Stat

Bruins - Hits : 20 - Faceoff Wins : 41 - Blocked Shots : 18 - Penalty Minutes : 4
Senators - Hits : 18 - Faceoff Wins : 49 - Blocked Shots : 13 - Penalty Minutes : 8

Official

Referees : Tim Peel and TJ Luxmore
Linesman : Michel Cormier and Shandor Alphonso

Game Notes

Anton Khudobin is injured at 19:09 of 2nd period (Sore Left Knee)
Petr Mrazek enters game at 19:09 of 2nd period

Finance

Level 1 -- Attendance: 6166 (94,86%) -- Ticket Income 616 600 $
Level 2 -- Attendance: 5000 (100,00%) -- Ticket Income 300 000 $
Level 3 -- Attendance: 3500 (100,00%) -- Ticket Income 122 500 $
Level 4 -- Attendance: 2788 (88,42%) -- Ticket Income 83 640 $
Luxury Box -- Attendance: 863 (86,30%) -- Ticket Income 215 750 $
Game was played at the Canadian Tire Centre.
Total Attendance: 18317 (95,64%)
Total Ticket Income: 1 338 490 $
Other Income: 655 860 $
Total Income: 1 994 350 $

% Time on Ice - Bruins

Lines # - Real PCT - Wanted PCT - Time Play
Normal Forward
1 - 37% - 40% - 17:44
2 - 33% - 30% - 15:53
3 - 18% - 20% - 8:27
4 - 12% - 10% - 5:45
Normal Defense
1 - 34% - 40% - 16:25
2 - 30% - 30% - 14:13
3 - 24% - 20% - 11:37
4 - 12% - 10% - 5:34
PP Forward
1 - 51% - 52% - 4:05
2 - 49% - 48% - 3:51
PP Defense
1 - 48% - 60% - 3:50
2 - 52% - 40% - 4:06
PK Forward
1 - 79% - 60% - 3:08
2 - 21% - 40% - 0:50
PK Defense
1 - 53% - 60% - 2:07
2 - 47% - 40% - 1:51
PK3 Forward
1 - 0% - 60%
2 - 0% - 40%
PK3 Defense
1 - 0% - 60%
2 - 0% - 40%
44 Forward
1 - 0% - 60%
2 - 0% - 40%
44 Defense
1 - 0% - 60%
2 - 0% - 40%
Last Minute Offensive  - 0:00
Last Minute Defensive  - 0:17
Total
Forward - 60:00
Defense - 60:00

% Time on Ice - Senators

Lines # - Real PCT - Wanted PCT - Time Play
Normal Forward
1 - 31% - 35% - 14:58
2 - 33% - 35% - 15:45
3 - 24% - 20% - 11:21
4 - 12% - 10% - 5:45
Normal Defense
1 - 35% - 35% - 16:41
2 - 36% - 35% - 17:21
3 - 21% - 20% - 10:07
4 - 8% - 10% - 3:40
PP Forward
1 - 52% - 50% - 2:04
2 - 48% - 50% - 1:54
PP Defense
1 - 57% - 50% - 2:15
2 - 43% - 50% - 1:43
PK Forward
1 - 68% - 60% - 5:24
2 - 32% - 40% - 2:32
PK Defense
1 - 53% - 60% - 4:13
2 - 47% - 40% - 3:43
PK3 Forward
1 - 0% - 60%
2 - 0% - 40%
PK3 Defense
1 - 0% - 60%
2 - 0% - 40%
44 Forward
1 - 0% - 60%
2 - 0% - 40%
44 Defense
1 - 0% - 60%
2 - 0% - 40%
Last Minute Offensive  - 0:17
Last Minute Defensive  - 0:00
Total
Forward - 60:00
Defense - 60:00

Play-by-Play

1st period


0:01 of 1st period - Jayson Megna wins face-off versus William Karlsson in neutral zone.
0:04 of 1st period - Alex Goligoski is hit by Tyler Bertuzzi and loses puck.
0:17 of 1st period - Shot by Tyler Bertuzzi.
0:17 of 1st period - Stopped by Anton Khudobin without a rebound.
0:18 of 1st period - Eric Staal wins face-off versus Radek Faksa in Senators zone.
0:18 of 1st period - Eric Staal is hit by Radek Faksa.
0:23 of 1st period - Icing by Connor Brown.
0:24 of 1st period - Eric Staal wins face-off versus Adam Henrique in Senators zone.
0:24 of 1st period - Eric Staal is hit by Brendan Lemieux.
0:48 of 1st period - Shot by Mark Stone.
0:48 of 1st period - Shot Blocked by Brian Dumoulin.
1:00 of 1st period - Shot by Mark Stone.
1:00 of 1st period - Shot Misses the Net.
1:02 of 1st period - Shot by Mike Green.
1:02 of 1st period - Shot Blocked by Brett Pesce.
1:04 of 1st period - Shot by Justin Falk.
1:04 of 1st period - Stopped by Michael Hutchinson with a rebound.
1:47 of 1st period - Shot by Alexander Wennberg.
1:47 of 1st period - Shot Misses the Net.
2:11 of 1st period - Shot by William Karlsson.
2:11 of 1st period - Stopped by Michael Hutchinson with a rebound.
2:31 of 1st period - Shot by William Karlsson.
2:31 of 1st period - Stopped by Michael Hutchinson without a rebound.
2:32 of 1st period - Jayson Megna wins face-off versus Valtteri Filppula in Bruins zone.
2:36 of 1st period - Off-side.
2:37 of 1st period - Tyler Bertuzzi wins face-off versus Valtteri Filppula in neutral zone.
2:44 of 1st period - Shot by Tyler Bertuzzi.
2:44 of 1st period - Stopped by Anton Khudobin with a rebound.
2:46 of 1st period - Shot by Jordan Oesterle.
2:46 of 1st period - Shot Blocked by Mike Green.
3:00 of 1st period - Shot by Alex Iafallo.
3:00 of 1st period - Shot Misses the Net.
3:02 of 1st period - Shot by Jordan Oesterle.
3:02 of 1st period - Shot Misses the Net.
3:12 of 1st period - Shot by Tyler Bertuzzi.
3:12 of 1st period - Shot Misses the Net.
3:14 of 1st period - Shot by Alex Iafallo.
3:14 of 1st period - Deflect By Tyler Bertuzzi.
3:14 of 1st period - Stopped by Anton Khudobin without a rebound.
3:15 of 1st period - Vladimir Sobotka wins face-off versus Eric Staal in Senators zone.
3:36 of 1st period - Icing by Jani Hakanpaa.
3:37 of 1st period - Adam Henrique wins face-off versus Eric Staal in Senators zone.
3:54 of 1st period - Shot by Mark Stone.
3:54 of 1st period - Shot Misses the Net.
3:56 of 1st period - Shot by Robert Hagg.
3:56 of 1st period - Deflect By Mark Stone.
3:56 of 1st period - Shot Misses the Net.
4:27 of 1st period - Icing by Jani Hakanpaa.
4:28 of 1st period - Radek Faksa wins face-off versus Eric Staal in Senators zone.
5:15 of 1st period - Shot by Vladislav Namestnikov.
5:15 of 1st period - Shot Misses the Net.
5:17 of 1st period - Shot by Vladislav Namestnikov.
5:17 of 1st period - Deflect By Vladimir Tarasenko.
5:17 of 1st period - Shot Misses the Net.
5:36 of 1st period - Icing by Tanner Fritz.
5:37 of 1st period - Alexander Wennberg wins face-off versus Radek Faksa in Bruins zone.
5:38 of 1st period - Shot by Paul Byron.
5:38 of 1st period - Shot Blocked by Jonathon Merrill.
5:40 of 1st period - Shot by Mike Green.
5:40 of 1st period - Shot Blocked by Jonathon Merrill.
6:00 of 1st period - Shot by Filip Chytil.
6:00 of 1st period - Shot Blocked by Tanner Fritz.
6:39 of 1st period - Shot by Derek Ryan.
6:39 of 1st period - Stopped by Michael Hutchinson with a rebound.
7:28 of 1st period - Shot by Tyler Bertuzzi.
7:28 of 1st period - Stopped by Anton Khudobin without a rebound.
7:29 of 1st period - Vladimir Sobotka wins face-off versus Eric Staal in Senators zone.
7:47 of 1st period - Shot by Michael Frolik.
7:47 of 1st period - Shot Blocked by Mike Green.
7:49 of 1st period - Shot by Carl Hagelin.
7:49 of 1st period - Goal by Carl Hagelin - Bruins : 1 - Senators : 0.
7:50 of 1st period - Adam Henrique wins face-off versus Alexander Wennberg in neutral zone.
8:17 of 1st period - Shot by Adam Henrique.
8:17 of 1st period - Shot Blocked by Alex Goligoski.
8:31 of 1st period - Icing by Jakob Chychrun.
8:32 of 1st period - Jayson Megna wins face-off versus Alexander Wennberg in Senators zone.
8:41 of 1st period - Shot by Tyler Bertuzzi.
8:41 of 1st period - Stopped by Anton Khudobin with a rebound.
8:43 of 1st period - Shot by Alex Iafallo.
8:43 of 1st period - Goal by Alex Iafallo - Bruins : 2 - Senators : 0.
8:44 of 1st period - Jayson Megna wins face-off versus William Karlsson in neutral zone.
8:49 of 1st period - Shot by Tyler Bertuzzi.
8:49 of 1st period - Shot Misses the Net.
8:55 of 1st period - Shot by Vladislav Namestnikov.
8:55 of 1st period - Deflect By Vladimir Tarasenko.
8:55 of 1st period - Stopped by Michael Hutchinson without a rebound.
8:56 of 1st period - Eric Staal wins face-off versus Jayson Megna in Bruins zone.
9:12 of 1st period - Off-side.
9:13 of 1st period - William Karlsson wins face-off versus Vladimir Sobotka in neutral zone.
9:13 of 1st period - William Karlsson is hit by Michael Frolik.
9:21 of 1st period - Shot by William Karlsson.
9:21 of 1st period - Shot Blocked by Jordan Oesterle.
9:24 of 1st period - Vladimir Tarasenko is hit by Jordan Oesterle and loses puck.
9:33 of 1st period - Shot by Vladislav Namestnikov.
9:33 of 1st period - Deflect By William Karlsson.
9:33 of 1st period - Shot Blocked by Jordan Oesterle.
9:35 of 1st period - Shot by William Karlsson.
9:35 of 1st period - Stopped by Michael Hutchinson without a rebound.
9:36 of 1st period - Eric Staal wins face-off versus Jayson Megna in Bruins zone.
9:58 of 1st period - Alex Iafallo is hit by Justin Falk and loses puck.
10:42 of 1st period - Shot by Vladimir Sobotka.
10:42 of 1st period - Shot Blocked by Mike Green.
10:54 of 1st period - Shot by Michael Frolik.
10:54 of 1st period - Stopped by Anton Khudobin without a rebound.
10:55 of 1st period - Radek Faksa wins face-off versus William Karlsson in Senators zone.
11:02 of 1st period - Shot by Radek Faksa.
11:02 of 1st period - Stopped by Anton Khudobin without a rebound.
11:03 of 1st period - William Karlsson wins face-off versus Radek Faksa in Senators zone.
11:15 of 1st period - Shot by Radek Faksa.
11:15 of 1st period - Stopped by Anton Khudobin without a rebound.
11:16 of 1st period - Alexander Wennberg wins face-off versus Jayson Megna in Senators zone.
11:29 of 1st period - Filip Chytil is hit by Tyler Bertuzzi and loses puck.
12:18 of 1st period - Shot by Vladimir Tarasenko.
12:18 of 1st period - Stopped by Michael Hutchinson with a rebound.
12:21 of 1st period - Icing by Brian Dumoulin.
12:22 of 1st period - Derek Ryan wins face-off versus Adam Henrique in Bruins zone.
12:25 of 1st period - Shot by Mike Green.
12:25 of 1st period - Shot Misses the Net.
12:39 of 1st period - Shot by Adam Henrique.
12:39 of 1st period - Stopped by Anton Khudobin with a rebound.
12:41 of 1st period - Shot by Adam Henrique.
12:41 of 1st period - Stopped by Anton Khudobin without a rebound.
12:42 of 1st period - William Karlsson wins face-off versus Radek Faksa in Senators zone.
12:42 of 1st period - William Karlsson is hit by Antoine Roussel.
12:52 of 1st period - Shot by William Karlsson.
12:52 of 1st period - Deflect By Vladislav Namestnikov.
12:52 of 1st period - Shot Misses the Net.
13:40 of 1st period - William Karlsson is hit by Michael Frolik and loses puck.
13:49 of 1st period - Shot by Michael Frolik.
13:49 of 1st period - Stopped by Anton Khudobin with a rebound.
13:51 of 1st period - Shot by Vladimir Sobotka.
13:51 of 1st period - Goal by Vladimir Sobotka - Bruins : 3 - Senators : 0.
13:52 of 1st period - Jayson Megna wins face-off versus Connor Brown in neutral zone.
13:57 of 1st period - Alex Goligoski is hit by Jayson Megna and loses puck.
14:19 of 1st period - Icing by Jordan Oesterle.
14:20 of 1st period - Jayson Megna wins face-off versus Alexander Wennberg in Bruins zone.
14:25 of 1st period - Shot by Alex Iafallo.
14:25 of 1st period - Stopped by Anton Khudobin without a rebound.
14:26 of 1st period - Adam Henrique wins face-off versus Valtteri Filppula in Senators zone.
14:41 of 1st period - Shot by Brendan Lemieux.
14:41 of 1st period - Shot Misses the Net.
14:43 of 1st period - Shot by Adam Henrique.
14:43 of 1st period - Shot Blocked by Chris Wagner.
14:45 of 1st period - Shot by Brendan Lemieux.
14:45 of 1st period - Deflect By Adam Henrique.
14:45 of 1st period - Shot Misses the Net.
14:47 of 1st period - Shot by Brendan Lemieux.
14:47 of 1st period - Deflect By Adam Henrique.
14:47 of 1st period - Stopped by Anton Khudobin without a rebound.
14:48 of 1st period - Eric Staal wins face-off versus Jayson Megna in Senators zone.
14:57 of 1st period - Shot by Alex Iafallo.
14:57 of 1st period - Shot Misses the Net.
15:05 of 1st period - Shot by Tyler Bertuzzi.
15:05 of 1st period - Stopped by Anton Khudobin without a rebound.
15:06 of 1st period - Adam Henrique wins face-off versus Vladimir Tarasenko in Senators zone.
15:16 of 1st period - Carl Hagelin is hit by Justin Falk and loses puck.
15:19 of 1st period - Shot by Adam Henrique.
15:19 of 1st period - Stopped by Anton Khudobin without a rebound.
15:20 of 1st period - Eric Staal wins face-off versus Jayson Megna in Senators zone.
15:27 of 1st period - Alex Iafallo is hit by Eric Staal and loses puck.
15:37 of 1st period - Connor Brown is hit by Michael Stone and loses puck.
15:44 of 1st period - Shot by Connor Brown.
15:44 of 1st period - Stopped by Michael Hutchinson with a rebound.
16:49 of 1st period - Shot by Radek Faksa.
16:49 of 1st period - Stopped by Anton Khudobin without a rebound.
16:50 of 1st period - Adam Henrique wins face-off versus Alexander Wennberg in Senators zone.
16:50 of 1st period - Adam Henrique is hit by Jani Hakanpaa.
16:51 of 1st period - Minor Penalty to Robert Hagg for Roughing.
16:52 of 1st period - Derek Ryan wins face-off versus Adam Henrique in Senators zone.
18:14 of 1st period - Shot by Mike Green.
18:14 of 1st period - Stopped by Michael Hutchinson without a rebound.
18:15 of 1st period - Valtteri Filppula wins face-off versus Tanner Fritz in Bruins zone.
18:53 of 1st period - Icing by Brian Dumoulin.
18:54 of 1st period - Vladimir Sobotka wins face-off versus William Karlsson in Bruins zone.
19:16 of 1st period - Shot by Vladislav Namestnikov.
19:16 of 1st period - Deflect By William Karlsson.
19:16 of 1st period - Shot Misses the Net.
19:18 of 1st period - Shot by Alex Goligoski.
19:18 of 1st period - Stopped by Michael Hutchinson without a rebound.
19:19 of 1st period - Eric Staal wins face-off versus Adam Henrique in Bruins zone.
19:20 of 1st period - Shot by Connor Brown.
19:20 of 1st period - Stopped by Michael Hutchinson with a rebound.
19:38 of 1st period - Shot by Eric Staal.
19:38 of 1st period - Stopped by Michael Hutchinson with a rebound.
19:40 of 1st period - Shot by Connor Brown.
19:40 of 1st period - Shot Blocked by Michael Stone.
19:48 of 1st period - Shot by Connor Brown.
19:48 of 1st period - Stopped by Michael Hutchinson with a rebound.
19:50 of 1st period - Shot by Connor Brown.
19:50 of 1st period - The goal is going for a video replay.
19:50 of 1st period - The goal is good.
19:50 of 1st period - Goal by Connor Brown - Bruins : 3 - Senators : 1.
19:51 of 1st period - Radek Faksa wins face-off versus William Karlsson in neutral zone.
19:51 of 1st period - Radek Faksa is hit by Vladislav Namestnikov.
Goals for this period are 3 for Bruins vs 1 for Senators.
Shots for this period are 19 for Bruins vs 14 for Senators.

2nd period


0:01 of 2nd period - Jayson Megna wins face-off versus William Karlsson in neutral zone.
0:01 of 2nd period - Tyler Bertuzzi is hit by Vladimir Tarasenko and loses puck.
0:06 of 2nd period - Alex Iafallo is hit by Vladislav Namestnikov and loses puck.
0:24 of 2nd period - Icing by Jordan Oesterle.
0:25 of 2nd period - Tyler Bertuzzi wins face-off versus Alexander Wennberg in Bruins zone.
0:32 of 2nd period - Shot by Tyler Bertuzzi.
0:32 of 2nd period - Stopped by Anton Khudobin without a rebound.
0:33 of 2nd period - Connor Brown wins face-off versus Radek Faksa in Senators zone.
0:33 of 2nd period - Alex Goligoski is hit by Antoine Roussel and loses puck.
0:50 of 2nd period - Icing by Tanner Fritz.
0:51 of 2nd period - Alexander Wennberg wins face-off versus Tanner Fritz in Bruins zone.
0:51 of 2nd period - Paul Byron is hit by Jonathon Merrill and loses puck.
0:55 of 2nd period - Icing by Tanner Fritz.
0:56 of 2nd period - Alexander Wennberg wins face-off versus Radek Faksa in Bruins zone.
1:00 of 2nd period - Paul Byron is hit by Jonathon Merrill and loses puck.
2:13 of 2nd period - Tyler Bertuzzi is hit by Jakob Chychrun and loses puck.
4:41 of 2nd period - Shot by Jayson Megna.
4:41 of 2nd period - Stopped by Anton Khudobin without a rebound.
4:42 of 2nd period - Eric Staal wins face-off versus Carl Hagelin in Senators zone.
4:51 of 2nd period - Off-side.
4:52 of 2nd period - William Karlsson wins face-off versus Adam Henrique in neutral zone.
5:05 of 2nd period - Minor Penalty to Vladimir Tarasenko for Hooking.
5:06 of 2nd period - Jayson Megna wins face-off versus Derek Ryan in Senators zone.
5:11 of 2nd period - Shot by Jordan Oesterle.
5:11 of 2nd period - Stopped by Anton Khudobin without a rebound.
5:12 of 2nd period - Derek Ryan wins face-off versus Jayson Megna in Senators zone.
5:18 of 2nd period - Icing by Tanner Fritz.
5:19 of 2nd period - Derek Ryan wins face-off versus Jayson Megna in Bruins zone.
5:26 of 2nd period - Shot by Tyler Bertuzzi.
5:26 of 2nd period - Shot Blocked by Alex Goligoski.
5:40 of 2nd period - Shot by Tyler Bertuzzi.
5:40 of 2nd period - Shot Blocked by Mike Green.
5:42 of 2nd period - Shot by Michael Stone.
5:42 of 2nd period - Shot Misses the Net.
5:44 of 2nd period - Shot by Jordan Oesterle.
5:44 of 2nd period - Shot Misses the Net.
5:46 of 2nd period - Shot by Tyler Bertuzzi.
5:46 of 2nd period - Shot Blocked by Mike Green.
5:48 of 2nd period - Shot by Jordan Oesterle.
5:48 of 2nd period - Shot Misses the Net.
5:50 of 2nd period - Shot by Tyler Bertuzzi.
5:50 of 2nd period - Shot Misses the Net.
7:00 of 2nd period - Icing by Jayson Megna.
7:01 of 2nd period - Eric Staal wins face-off versus Jayson Megna in Bruins zone.
7:20 of 2nd period - Shot by Carl Hagelin.
7:20 of 2nd period - Shot Misses the Net.
7:22 of 2nd period - Shot by Brett Pesce.
7:22 of 2nd period - Stopped by Anton Khudobin without a rebound.
7:23 of 2nd period - Eric Staal wins face-off versus Jayson Megna in Senators zone.
7:30 of 2nd period - Shot by Connor Brown.
7:30 of 2nd period - Stopped by Michael Hutchinson without a rebound.
7:31 of 2nd period - Eric Staal wins face-off versus Radek Faksa in Bruins zone.
7:34 of 2nd period - Shot by Connor Brown.
7:34 of 2nd period - Shot Blocked by Brett Pesce.
8:01 of 2nd period - Shot by Antoine Roussel.
8:01 of 2nd period - Stopped by Anton Khudobin without a rebound.
8:02 of 2nd period - William Karlsson wins face-off versus Tyler Bertuzzi in Senators zone.
8:21 of 2nd period - Shot by Vladimir Tarasenko.
8:21 of 2nd period - Shot Blocked by Jordan Oesterle.
8:40 of 2nd period - Shot by William Karlsson.
8:40 of 2nd period - Stopped by Michael Hutchinson without a rebound.
8:41 of 2nd period - Eric Staal wins face-off versus Adam Henrique in Bruins zone.
8:42 of 2nd period - Shot by Mark Stone.
8:42 of 2nd period - Shot Blocked by Brett Pesce.
8:52 of 2nd period - Shot by Connor Brown.
8:52 of 2nd period - Stopped by Michael Hutchinson without a rebound.
8:53 of 2nd period - Radek Faksa wins face-off versus Alexander Wennberg in Bruins zone.
9:21 of 2nd period - Shot by Filip Chytil.
9:21 of 2nd period - Stopped by Michael Hutchinson with a rebound.
9:25 of 2nd period - Shot by Alexander Wennberg.
9:25 of 2nd period - Stopped by Michael Hutchinson with a rebound.
9:27 of 2nd period - Shot by Alexander Wennberg.
9:27 of 2nd period - Deflect By Paul Byron.
9:27 of 2nd period - Stopped by Michael Hutchinson with a rebound.
9:52 of 2nd period - Icing by Jonathon Merrill.
9:53 of 2nd period - William Karlsson wins face-off versus Radek Faksa in Bruins zone.
9:54 of 2nd period - Shot by Vladimir Tarasenko.
9:54 of 2nd period - Stopped by Michael Hutchinson without a rebound.
9:55 of 2nd period - Eric Staal wins face-off versus Alex Iafallo in Bruins zone.
10:01 of 2nd period - Icing by Tyler Bertuzzi.
10:02 of 2nd period - Jayson Megna wins face-off versus Vladimir Tarasenko in Bruins zone.
10:26 of 2nd period - Minor Penalty to Jani Hakanpaa for Holding.
10:27 of 2nd period - Adam Henrique wins face-off versus Derek Ryan in Senators zone.
10:32 of 2nd period - Shot by Brian Dumoulin.
10:32 of 2nd period - Shot Misses the Net.
10:34 of 2nd period - Shot by Antoine Roussel.
10:34 of 2nd period - Stopped by Anton Khudobin without a rebound.
10:35 of 2nd period - Jayson Megna wins face-off versus Derek Ryan in Senators zone.
10:36 of 2nd period - Shot by Tyler Bertuzzi.
10:36 of 2nd period - Stopped by Anton Khudobin with a rebound.
11:24 of 2nd period - Shot by Adam Henrique.
11:24 of 2nd period - Stopped by Anton Khudobin without a rebound.
11:25 of 2nd period - Adam Henrique wins face-off versus Valtteri Filppula in Senators zone.
11:25 of 2nd period - Carl Hagelin is hit by Alex Goligoski and loses puck.
11:40 of 2nd period - Shot by Brian Dumoulin.
11:40 of 2nd period - Stopped by Anton Khudobin without a rebound.
11:41 of 2nd period - Adam Henrique wins face-off versus Derek Ryan in Senators zone.
12:30 of 2nd period - Off-side.
12:31 of 2nd period - Jayson Megna wins face-off versus Eric Staal in neutral zone.
12:55 of 2nd period - Shot by Eric Staal.
12:55 of 2nd period - Stopped by Michael Hutchinson without a rebound.
12:56 of 2nd period - Vladimir Sobotka wins face-off versus William Karlsson in Bruins zone.
13:25 of 2nd period - Icing by Mike Green.
13:26 of 2nd period - Vladimir Tarasenko wins face-off versus Jayson Megna in Senators zone.
14:00 of 2nd period - Shot by Tyler Bertuzzi.
14:00 of 2nd period - Shot Misses the Net.
14:05 of 2nd period - Alex Iafallo is hit by Alex Goligoski and loses puck.
14:16 of 2nd period - Markus Nutivaara is hit by Connor Brown and loses puck.
14:20 of 2nd period - Icing by Markus Nutivaara.
14:21 of 2nd period - Alexander Wennberg wins face-off versus Radek Faksa in Bruins zone.
14:22 of 2nd period - Shot by Paul Byron.
14:22 of 2nd period - Stopped by Michael Hutchinson without a rebound.
14:23 of 2nd period - Radek Faksa wins face-off versus Alexander Wennberg in Bruins zone.
14:54 of 2nd period - Shot by Antoine Roussel.
14:54 of 2nd period - Deflect By Tanner Fritz.
14:54 of 2nd period - Stopped by Anton Khudobin without a rebound.
14:55 of 2nd period - Eric Staal wins face-off versus Adam Henrique in Senators zone.
14:57 of 2nd period - Icing by Mark Stone.
14:58 of 2nd period - Mark Stone wins face-off versus Alex Iafallo in Senators zone.
14:58 of 2nd period - Mark Stone is hit by Jayson Megna.
15:14 of 2nd period - Shot by Mark Stone.
15:14 of 2nd period - Goal by Mark Stone - Bruins : 3 - Senators : 2.
15:15 of 2nd period - Adam Henrique wins face-off versus William Karlsson in neutral zone.
15:35 of 2nd period - Shot by Vladislav Namestnikov.
15:35 of 2nd period - Shot Misses the Net.
15:37 of 2nd period - Shot by William Karlsson.
15:37 of 2nd period - Stopped by Michael Hutchinson without a rebound.
15:38 of 2nd period - Eric Staal wins face-off versus Jayson Megna in Bruins zone.
16:12 of 2nd period - Icing by Alex Goligoski.
16:13 of 2nd period - Adam Henrique wins face-off versus Eric Staal in Senators zone.
16:46 of 2nd period - Shot by Carl Hagelin.
16:46 of 2nd period - Shot Misses the Net.
16:48 of 2nd period - Shot by Carl Hagelin.
16:48 of 2nd period - Shot Misses the Net.
17:13 of 2nd period - Icing by Alex Goligoski.
17:14 of 2nd period - Jayson Megna wins face-off versus Eric Staal in Senators zone.
17:51 of 2nd period - Shot by Vladislav Namestnikov.
17:51 of 2nd period - Stopped by Michael Hutchinson without a rebound.
17:52 of 2nd period - Alexander Wennberg wins face-off versus Radek Faksa in Bruins zone.
18:05 of 2nd period - Shot by Filip Chytil.
18:05 of 2nd period - Stopped by Michael Hutchinson with a rebound.
18:19 of 2nd period - Shot by Alexander Wennberg.
18:19 of 2nd period - Shot Blocked by Markus Nutivaara.
19:01 of 2nd period - Shot by Carl Hagelin.
19:01 of 2nd period - Stopped by Anton Khudobin with a rebound.
19:03 of 2nd period - Shot by Brendan Lemieux.
19:03 of 2nd period - Shot Blocked by Jani Hakanpaa.
19:05 of 2nd period - Shot by Adam Henrique.
19:05 of 2nd period - Shot Hit the Post.
19:07 of 2nd period - Shot by Brett Pesce.
19:07 of 2nd period - Shot Blocked by Robert Hagg.
19:09 of 2nd period - Shot by Brian Dumoulin.
19:09 of 2nd period - Stopped by Anton Khudobin without a rebound.
19:09 of 2nd period - Anton Khudobin from Senators is injured at 19:09 of 2nd period (Sore Left Knee).
19:09 of 2nd period - Petr Mrazek enters game.
19:10 of 2nd period - William Karlsson wins face-off versus Alex Iafallo in Senators zone.
19:27 of 2nd period - Alex Iafallo is hit by Mike Green and loses puck.
19:38 of 2nd period - Icing by Mike Green.
19:39 of 2nd period - Vladimir Sobotka wins face-off versus Vladimir Tarasenko in Senators zone.
Goals for this period are 0 for Bruins vs 1 for Senators.
Shots for this period are 12 for Bruins vs 13 for Senators.

3rd period


0:01 of 3rd period - William Karlsson wins face-off versus Jayson Megna in neutral zone.
1:16 of 3rd period - Shot by Eric Staal.
1:16 of 3rd period - Shot Misses the Net.
1:18 of 3rd period - Shot by Connor Brown.
1:18 of 3rd period - Stopped by Michael Hutchinson without a rebound.
1:19 of 3rd period - Valtteri Filppula wins face-off versus Tanner Fritz in Bruins zone.
1:19 of 3rd period - Jakob Chychrun is hit by Brian Dumoulin and loses puck.
1:49 of 3rd period - Derek Ryan is hit by Brian Dumoulin and loses puck.
2:40 of 3rd period - Shot by Eric Staal.
2:40 of 3rd period - Shot Blocked by Brian Dumoulin.
2:42 of 3rd period - Shot by Mark Stone.
2:42 of 3rd period - Shot Misses the Net.
3:03 of 3rd period - Icing by Mike Green.
3:04 of 3rd period - Alexander Wennberg wins face-off versus Jayson Megna in Senators zone.
3:21 of 3rd period - Alex Iafallo is hit by Justin Falk and loses puck.
3:26 of 3rd period - Shot by Alex Iafallo.
3:26 of 3rd period - Shot Misses the Net.
3:33 of 3rd period - Minor Penalty to Mike Green for Tripping.
3:34 of 3rd period - Derek Ryan wins face-off versus Adam Henrique in Senators zone.
4:10 of 3rd period - Shot by Eric Staal.
4:10 of 3rd period - Shot Misses the Net.
4:12 of 3rd period - Shot by Derek Ryan.
4:12 of 3rd period - Shot Misses the Net.
4:14 of 3rd period - Shot by Alex Goligoski.
4:14 of 3rd period - Stopped by Michael Hutchinson without a rebound.
4:15 of 3rd period - Derek Ryan wins face-off versus Jayson Megna in Bruins zone.
4:27 of 3rd period - Icing by Tyler Bertuzzi.
4:28 of 3rd period - Derek Ryan wins face-off versus Jayson Megna in Bruins zone.
4:43 of 3rd period - Shot by Brian Dumoulin.
4:43 of 3rd period - Stopped by Petr Mrazek without a rebound.
4:44 of 3rd period - Adam Henrique wins face-off versus Derek Ryan in Senators zone.
4:59 of 3rd period - Shot by Jordan Oesterle.
4:59 of 3rd period - Shot Blocked by Alex Goligoski.
5:01 of 3rd period - Shot by Antoine Roussel.
5:01 of 3rd period - Stopped by Petr Mrazek with a rebound.
6:05 of 3rd period - Shot by William Karlsson.
6:05 of 3rd period - Shot Blocked by Brett Pesce.
6:07 of 3rd period - Shot by Vladislav Namestnikov.
6:07 of 3rd period - Shot Blocked by Brett Pesce.
7:24 of 3rd period - Alex Goligoski is hit by Tanner Fritz and loses puck.
7:31 of 3rd period - Shot by Chris Wagner.
7:31 of 3rd period - Shot Misses the Net.
8:28 of 3rd period - Icing by Brian Dumoulin.
8:29 of 3rd period - Eric Staal wins face-off versus Radek Faksa in Bruins zone.
8:36 of 3rd period - Shot by Connor Brown.
8:36 of 3rd period - Shot Blocked by Tanner Fritz.
8:47 of 3rd period - Minor Penalty to Alex Iafallo for Roughing.
8:48 of 3rd period - Adam Henrique wins face-off versus Eric Staal in Bruins zone.
9:04 of 3rd period - Off-side.
9:05 of 3rd period - William Karlsson wins face-off versus Vladimir Sobotka in neutral zone.
9:16 of 3rd period - Jordan Oesterle is hit by Connor Brown and loses puck.
10:12 of 3rd period - Shot by Eric Staal.
10:12 of 3rd period - Shot Misses the Net.
10:16 of 3rd period - Shot by Vladislav Namestnikov.
10:16 of 3rd period - Stopped by Michael Hutchinson with a rebound.
10:26 of 3rd period - Shot by Eric Staal.
10:26 of 3rd period - Deflect By Vladislav Namestnikov.
10:26 of 3rd period - Stopped by Michael Hutchinson without a rebound.
10:27 of 3rd period - Vladimir Sobotka wins face-off versus Connor Brown in Bruins zone.
10:58 of 3rd period - Shot by Paul Byron.
10:58 of 3rd period - Shot Misses the Net.
11:00 of 3rd period - Shot by Filip Chytil.
11:00 of 3rd period - Shot Blocked by Jayson Megna.
11:25 of 3rd period - Alex Iafallo is hit by Paul Byron.
11:55 of 3rd period - Shot by Chris Wagner.
11:55 of 3rd period - Stopped by Michael Hutchinson with a rebound.
12:02 of 3rd period - Minor Penalty to Michael Stone for Hooking.
12:03 of 3rd period - Adam Henrique wins face-off versus Vladimir Tarasenko in Bruins zone.
12:30 of 3rd period - Shot by Vladimir Tarasenko.
12:30 of 3rd period - Stopped by Michael Hutchinson without a rebound.
12:31 of 3rd period - Vladimir Sobotka wins face-off versus William Karlsson in Bruins zone.
12:59 of 3rd period - Shot by Mike Green.
12:59 of 3rd period - Stopped by Michael Hutchinson without a rebound.
13:00 of 3rd period - Adam Henrique wins face-off versus Eric Staal in Bruins zone.
14:00 of 3rd period - Shot by Connor Brown.
14:00 of 3rd period - Stopped by Michael Hutchinson with a rebound.
14:02 of 3rd period - Shot by Mark Stone.
14:02 of 3rd period - Deflect By Filip Chytil.
14:02 of 3rd period - Shot Blocked by Jordan Oesterle.
14:10 of 3rd period - Shot by Alexander Wennberg.
14:10 of 3rd period - Deflect By Paul Byron.
14:10 of 3rd period - Goal by Paul Byron - Bruins : 3 - Senators : 3.
14:11 of 3rd period - Chris Wagner wins face-off versus Jayson Megna in neutral zone.
14:18 of 3rd period - Shot by Jayson Megna.
14:18 of 3rd period - Shot Misses the Net.
14:26 of 3rd period - Jayson Megna is hit by Chris Wagner and loses puck.
14:53 of 3rd period - Shot by Filip Chytil.
14:53 of 3rd period - Shot Misses the Net.
15:05 of 3rd period - Shot by Paul Byron.
15:05 of 3rd period - Stopped by Michael Hutchinson without a rebound.
15:06 of 3rd period - William Karlsson wins face-off versus Adam Henrique in Bruins zone.
15:06 of 3rd period - Jakob Chychrun is hit by Michael Stone and loses puck.
15:23 of 3rd period - Shot by Adam Henrique.
15:23 of 3rd period - Deflect By Brendan Lemieux.
15:23 of 3rd period - Shot Misses the Net.
15:35 of 3rd period - Off-side.
15:36 of 3rd period - Radek Faksa wins face-off versus Eric Staal in neutral zone.
15:54 of 3rd period - Shot by Connor Brown.
15:54 of 3rd period - Stopped by Michael Hutchinson with a rebound.
16:03 of 3rd period - Connor Brown is hit by Tanner Fritz.
16:27 of 3rd period - Carl Hagelin is hit by Connor Brown and loses puck.
16:40 of 3rd period - Shot by Carl Hagelin.
16:40 of 3rd period - Shot Misses the Net.
17:42 of 3rd period - Brett Pesce is hit by Vladislav Namestnikov and loses puck.
18:00 of 3rd period - Shot by Brendan Lemieux.
18:00 of 3rd period - Shot Blocked by Mike Green.
18:10 of 3rd period - Shot by Alexander Wennberg.
18:10 of 3rd period - Stopped by Michael Hutchinson without a rebound.
18:11 of 3rd period - Valtteri Filppula wins face-off versus Radek Faksa in Bruins zone.
18:38 of 3rd period - Shot by Antoine Roussel.
18:38 of 3rd period - Deflect By Radek Faksa.
18:38 of 3rd period - Shot Blocked by Mike Green.
18:40 of 3rd period - Shot by Radek Faksa.
18:40 of 3rd period - Stopped by Petr Mrazek with a rebound.
18:42 of 3rd period - Shot by Radek Faksa.
18:42 of 3rd period - Stopped by Petr Mrazek without a rebound.
18:43 of 3rd period - Alexander Wennberg wins face-off versus Jayson Megna in Senators zone.
18:57 of 3rd period - Paul Byron is hit by Brian Dumoulin.
19:40 of 3rd period - Shot by Tanner Fritz.
19:40 of 3rd period - Stopped by Petr Mrazek with a rebound.
19:42 of 3rd period - Shot by Radek Faksa.
19:42 of 3rd period - Goal by Radek Faksa - Bruins : 4 - Senators : 3.
19:43 of 3rd period - Eric Staal wins face-off versus Radek Faksa in neutral zone.
Goals for this period are 1 for Bruins vs 1 for Senators.
Shots for this period are 6 for Bruins vs 12 for Senators.